[Event "Team 45 45 League T62"]
[Site "Internet Chess Club"]
[Date "2014.09.19"]
[Round "4"]
[White "Just-Jim"]
[Black "WzeroMN"]
[Result "1-0"]
[WhiteElo "1275"]
[BlackElo "1081"]
[Opening "Two knights defense"]
[ECO "C57"]
[Time "12:30:26"]
[TimeControl "2700+45"]

1. e4 e5 2. Nf3 Nc6 3. Bc4 Nf6 4. Ng5 d5 5. exd5 Nxd5 6. d3 Bc5 7. a3 h6 8. Nf3
Bg4 9. O-O Bxf3 10. Qxf3 Nd4 11. Qe4 Nxc2 12. Ra2 c6 13. Qxe5+ Qe7 14. Qxe7+
Nxe7 15. b4 Nxb4 16. axb4 Bxb4 17. Bd2 Bd6 18. Bc3 O-O 19. g3 Bc5 20. Kg2 b5 21.
Bb3 Nd5 22. Bxd5 cxd5 23. d4 Bb6 24. Nd2 Rae8 25. Nf3 Re6 26. Ne5 Bc7 27. Rxa7
Bxe5 28. dxe5 Rfe8 29. f4 f5 30. Rb7 Rc6 31. Bb4 d4 32. Rxb5 Rd8 33. Rd1 d3 34.
Bd6 Rc2+ 35. Kh3 Rdc8 36. Rxd3 Re2 37. Rb8 Rxb8 38. Bxb8 g5 39. fxg5 hxg5 40. g4
f4 41. Bc7 Re3+ 42. Rxe3 fxe3 43. Ba5 e2 44. Kg3 Kf7 45. Kf3 Ke6 46. Bc3 Kd5 47.
Kxe2 Ke6 48. Kf3 Kd5 49. Kg3 Ke6 50. h4 gxh4+ 51. Kxh4 Kf7 52. Kh5 Kg8 53. g5
Kg7 54. e6+ Kf8 55. Bb4+ Kg7 56. e7 Kh7 57. e8=Q Kg7 58. Qg6+ {Black resigns}
1-0

[Event "Team 45 45 League T62"]
[Site "Internet Chess Club"]
[Date "2014.09.21"]
[Round "4"]
[White "theartist"]
[Black "jjaco"]
[Result "0-1"]
[WhiteElo "1022"]
[BlackElo "1029"]
[Opening "Queen's gambit declined"]
[ECO "D30"]
[Time "09:01:08"]
[TimeControl "2700+45"]

1. d4 d5 2. c4 e6 3. Nf3 Nf6 4. e3 Be7 5. Bd3 O-O 6. Qc2 h6 7. O-O Nbd7 8. Nc3
a6 9. e4 e5 10. cxd5 Bd6 11. h3 Re8 12. Re1 b5 13. a3 Nf8 14. Be3 N6h7 15. Rac1
f6 16. Ne2 Bd7 17. Ng3 Rc8 18. b4 g5 19. Nf5 Bxf5 20. exf5 Qd7 21. Bd2 c6 22.
Nxe5 fxe5 23. Qb2 Nf6 24. dxc6 Rxc6 25. Qb3+ Kg7 26. Rxc6 Qxc6 27. Rc1 Qb7 28.
Qb2 e4 29. Be2 Bf4 30. Bxf4 gxf4 31. f3 Rc8 32. Rxc8 Qxc8 33. fxe4 Nxe4 34. Bg4
Nf6 35. d5 Nd7 36. d6 Qb7 37. Bf3 Qb6+ 38. Qf2 Qxd6 39. Bb7 Qd3 40. Qb2 Qxf5 41.
Bxa6 Ne5 42. Bxb5 f3 43. Bf1 Nd3 44. Qd4 Nf4 45. Qa7+ Kg6 46. g3 Nxh3+ 47. Bxh3
Qxh3 {White forfeits on time} 0-1

[Event "Team 45 45 League T62"]
[Site "Internet Chess Club"]
[Date "2014.09.21"]
[Round "4"]
[White "Aquaman"]
[Black "MasterD"]
[Result "1-0"]
[WhiteElo "1396"]
[BlackElo "1406"]
[Opening "Nimzovich-Larsen attack: modern variation"]
[ECO "A01"]
[Time "15:03:25"]
[TimeControl "2700+45"]

1. b3 e5 2. Bb2 Nc6 3. e3 d5 4. Bb5 Bd6 5. f4 Qe7 6. Nf3 f6 7. fxe5 fxe5 8. O-O
Nf6 9. c4 O-O 10. cxd5 Nxd5 11. Nc3 Nxc3 12. Bxc3 Bd7 13. Be2 Rf6 14. Qc2 Rh6
15. g3 Bh3 16. Rf2 Rf8 17. Bf1 Bg4 18. Bg2 Rhf6 19. Raf1 Bxf3 20. Bxf3 Qf7 21.
Kg2 Nd8 22. d4 exd4 23. Bxd4 Rg6 24. Be4 Rf6 25. Bxf6 gxf6 26. Bd3 Bc5 27. Bc4
Ne6 28. Bxe6 Qxe6 29. Qxc5 {Black resigns} 1-0

[Event "Team 45 45 League T62"]
[Site "Internet Chess Club"]
[Date "2014.09.20"]
[Round "4"]
[White "ILoveChess108"]
[Black "semperfi"]
[Result "1-0"]
[WhiteElo "1299"]
[BlackElo "1366"]
[Opening "English, 1...Nf6 (Anglo-Indian defense)"]
[ECO "A15"]
[Time "13:07:05"]
[TimeControl "2700+45"]

1. c4 Nf6 2. g3 e6 3. Bg2 d5 4. cxd5 exd5 5. d3 c6 6. Nf3 Bg4 7. Nc3 Nbd7 8. O-O
Bd6 9. a3 O-O 10. h3 Bxf3 11. Bxf3 Re8 12. Bg2 b5 13. e3 Qb6 14. b4 Rac8 15. Bb2
d4 16. Ne4 c5 17. Nxd6 Qxd6 18. bxc5 Nxc5 19. Bxd4 a6 20. Bxc5 Qxc5 21. d4 Qg5
22. Rc1 Rxc1 23. Qxc1 Qf5 24. Qb1 Qe6 25. Qc2 g6 26. Qc6 Qxc6 27. Bxc6 Re6 28.
d5 Rd6 29. Rd1 Ne4 30. Kg2 Kg7 31. f3 Ng5 32. e4 Ne6 33. dxe6 Rxd1 34. e7 {Black
resigns} 1-0

[Event "Team 45 45 League T62"]
[Site "Internet Chess Club"]
[Date "2014.09.21"]
[Round "4"]
[White "artspir"]
[Black "srikrish"]
[Result "0-1"]
[WhiteElo "1177"]
[BlackElo "1197"]
[Opening "Queen's pawn"]
[ECO "A40"]
[Time "14:00:17"]
[TimeControl "2700+45"]

1. d4 e6 2. Nf3 d5 3. Nc3 c5 4. e3 cxd4 5. Nxd4 Nf6 6. Bd3 Bc5 7. Nf3 Nc6 8. O-O
O-O 9. Bd2 Re8 10. Na4 Bd6 11. a3 e5 12. Bb5 Bd7 13. b4 a6 14. Bxc6 Bxc6 15. Nc5
b6 16. Nb3 e4 17. Nfd4 Bd7 18. Ne2 Bg4 19. Nbd4 Nh5 20. c3 Qh4 21. g3 Qh3 22.
Qb3 Be5 23. Nf4 Nxf4 24. exf4 Bf3 25. Nxf3 exf3 {White resigns} 0-1

[Event "Team 45 45 League T62"]
[Site "Internet Chess Club"]
[Date "2014.09.21"]
[Round "4"]
[White "RockingCHESS"]
[Black "RobertBuice"]
[Result "1-0"]
[WhiteElo "1175"]
[BlackElo "1082"]
[Opening "QGD Slav: 4.e3"]
[ECO "D11"]
[Time "10:00:23"]
[TimeControl "2700+45"]

1. d4 d5 2. Nf3 c6 3. e3 Nf6 4. c4 Bg4 5. Nc3 e6 6. Bd3 Bxf3 7. Qxf3 Bb4 8. O-O
O-O 9. Bd2 dxc4 10. Bxc4 c5 11. a3 Bxc3 12. Bxc3 b6 13. Qxa8 Qc7 14. Qf3 a5 15.
Rfd1 Nbd7 16. Qf4 Qd8 17. b4 Nh5 18. Qf3 cxd4 19. Bxd4 e5 20. Bc3 Qh4 21. Qh3
Qxc4 22. Qxd7 Qxc3 23. bxa5 Qxa1 24. Rxa1 bxa5 25. h3 e4 26. Qf5 g6 27. Qxe4 Nf6
28. Qe5 Kg7 29. Qxa5 Ne4 30. Rc1 Re8 31. Rc7 Nxf2 32. Kxf2 h5 33. Qc3+ Kh6 34.
Rc8 {Black resigns} 1-0

[Event "Team 45 45 League T62"]
[Site "Internet Chess Club"]
[Date "2014.09.19"]
[Round "4"]
[White "fuzzface"]
[Black "KingOfClubs"]
[Result "1/2-1/2"]
[WhiteElo "1361"]
[BlackElo "1337"]
[Opening "QGD semi-Slav"]
[ECO "D43"]
[Time "07:00:56"]
[TimeControl "2700+45"]

1. d4 d5 2. c4 e6 3. Nc3 c6 4. Nf3 Nf6 5. Bg5 Be7 6. e3 Nbd7 7. Bd3 O-O 8. O-O
dxc4 9. Bxc4 Nd5 10. Bxe7 Qxe7 11. Qc2 Nxc3 12. bxc3 b5 13. Bd3 f5 14. e4 g6 15.
Rfe1 Qf6 16. Qb3 Kg7 17. e5 Qd8 18. Qxe6 Nc5 19. Qxc6 Nxd3 20. Qxa8 Nxe1 21.
Rxe1 Be6 22. Qxa7+ Rf7 23. Qc5 Bc4 24. Ng5 Qxg5 25. h3 Qd2 26. Re3 Qxa2 27. e6
Bxe6 28. Qe5+ Rf6 29. Qxb5 Qd5 30. Qe8 Bd7 31. Re5 Bxe8 32. Rxd5 Rc6 33. Re5 Bf7
34. Re3 Kf6 35. f4 Re6 36. Kf2 Rxe3 37. Kxe3 Bc4 38. g3 Ke6 39. h4 Kd5 40. Kf3
Bd3 41. Ke3 Be4 42. Kd2 Kc4 43. Ke3 Kxc3 44. g4 Kc4 45. h5 Kd5 46. h6 Kc4 47.
gxf5 Bxf5 48. Kf2 Kxd4 49. Kg3 Ke4 50. Kh4 Kxf4 {White stalemated} 1/2-1/2

[Event "Team 45 45 League T62"]
[Site "Internet Chess Club"]
[Date "2014.09.20"]
[Round "4"]
[White "arconia"]
[Black "Kandor"]
[Result "1-0"]
[WhiteElo "1303"]
[BlackElo "1275"]
[Opening "Sicilian defense"]
[ECO "B30"]
[Time "15:31:42"]
[TimeControl "2700+45"]

1. e4 c5 2. Nf3 Nc6 3. Be2 Nf6 4. Ng5 h6 5. Nxf7 Kxf7 6. d3 Nd4 7. O-O e5 8. f4
d6 9. f5 g5 10. fxg6+ Kxg6 11. Be3 Nxe2+ 12. Qxe2 Ng4 13. Bd2 Qh4 14. h3 Nf6 15.
Qf3 Kf7 16. Nc3 Ke7 17. Nd5+ Nxd5 18. Qf7+ Kd8 19. exd5 Qg3 20. Qf6+ Kc7 21. Rf3
Qg7 22. Qh4 Rg8 23. Qf2 Bd7 24. Rf7 Qg6 25. Rf1 Kb6 26. Rxd7 Rg7 27. Ba5+ Kxa5
28. Qd2+ Kb6 29. Rxg7 Bxg7 30. b4 cxb4 31. Qxb4+ Kc7 32. Qa5+ b6 33. Qb5 a6 34.
Qc6+ Kd8 35. Qxa8+ Ke7 36. Qb7+ Ke8 37. Qc8+ Ke7 38. Qc7+ Ke8 39. Qxb6 h5 40.
Qxa6 Bh6 41. Qa8+ Ke7 42. Qb7+ Ke8 43. Qc6+ Ke7 44. Kh1 e4 45. Rb1 e3 46. Rb7+
Kf6 47. Qxd6+ Kg5 48. Qe5+ Kh4 49. Rb4+ {Black resigns} 1-0

[Event "Team 45 45 League T62"]
[Site "Internet Chess Club"]
[Date "2014.09.21"]
[Round "4"]
[White "jaybird44"]
[Black "stantheman59"]
[Result "1-0"]
[WhiteElo "1195"]
[BlackElo "1166"]
[Opening "Queen's pawn game"]
[ECO "A46"]
[Time "19:03:23"]
[TimeControl "2700+45"]

1. d4 Nf6 2. Nf3 Nc6 3. c4 d5 4. Nc3 dxc4 5. e3 b5 6. Nxb5 a6 7. Nc3 Be6 8. d5
Bxd5 9. Nxd5 Nxd5 10. Bxc4 Ndb4 11. O-O Qxd1 12. Rxd1 f6 13. Bb3 a5 14. a3 Na6
15. Bd5 Nab8 16. Bd2 Ra7 17. Rac1 Ne5 18. Bc3 Nxf3+ 19. Bxf3 e6 20. Bd4 Ra6 21.
Rxc7 Nd7 22. Rc8+ Kf7 23. Bc3 Nb6 24. Rc7+ Kg6 25. Rd8 Na4 26. Be4+ f5 27. Bd3
Rd6 28. Rxd6 Bxd6 29. Rc6 Bc5 30. Rxe6+ Kh5 31. Bxf5 Nxc3 32. bxc3 Bxa3 33. g4+
Kh4 34. Kg2 g6 35. Bd3 Rd8 36. Be2 Rd2 37. Bf3 Rc2 38. Ra6 Bb2 39. Rxa5 g5 40.
Ra7 h5 41. Rh7 Rxf2+ 42. Kxf2 {Black resigns} 1-0

[Event "Team 45 45 League T62"]
[Site "Internet Chess Club"]
[Date "2014.09.19"]
[Round "4"]
[White "chips"]
[Black "wildangels"]
[Result "1-0"]
[WhiteElo "1142"]
[BlackElo "1030"]
[Opening "Polish (Sokolsky) opening"]
[ECO "A00"]
[Time "22:14:38"]
[TimeControl "2700+45"]

1. b4 e5 2. Bb2 d6 3. a3 Nf6 4. d3 g6 5. e4 Bg7 6. Nf3 O-O 7. g3 a6 8. Bg2 Nc6
9. O-O Re8 10. Nbd2 Be6 11. c4 b5 12. cxb5 axb5 13. a4 Rb8 14. axb5 Rxb5 15. Bc3
Rb6 16. Rb1 d5 17. b5 Na7 18. Qa4 dxe4 19. dxe4 Rb7 20. Qa6 Bc8 21. Qa4 Qd3 22.
Bxe5 Ng4 23. Bxg7 Kxg7 24. Qd4+ Qxd4 25. Nxd4 Rd8 26. N4f3 Nf6 27. e5 Ng4 28. h3
Nh6 29. Nc4 Be6 30. Na5 Rxb5 31. Rxb5 Nxb5 32. Nb7 Ra8 33. Nc5 Bc4 34. Rc1 Be2
35. Nd4 Nxd4 36. Bxa8 Nf3+ 37. Bxf3 Bxf3 38. Na6 f6 39. exf6+ Kxf6 40. Rxc7 Be2
41. Rxh7 Nf5 42. Nb4 Nd4 43. Nd5+ Kg5 44. h4+ Kg4 45. Ne3+ Kh3 46. Rf7 Nf3+ 47.
Rxf3 Bxf3 48. Kf1 Be4 49. Ke2 Bf5 50. Nxf5 gxf5 51. Kf3 f4 52. h5 fxg3 53. fxg3
Kh2 54. h6 Kh3 55. h7 Kh2 56. h8=Q+ Kg1 57. g4 Kf1 58. g5 Ke1 59. g6 Kf1 60. g7
Ke1 61. g8=Q Kf1 62. Qg2+ Ke1 63. Qe8+ Kd1 64. Qge2+ Kc1 65. Q8e3+ Kb1 66. Qb3+
Kc1 67. Qbc2# {Black checkmated} 1-0

[Event "Team 45 45 League T62"]
[Site "Internet Chess Club"]
[Date "2014.09.21"]
[Round "4"]
[White "Bryant-L"]
[Black "fireball"]
[Result "0-1"]
[WhiteElo "1677"]
[BlackElo "1670"]
[Opening "King's Indian: Four pawns attack, 6.Be2"]
[ECO "E77"]
[Time "17:01:12"]
[TimeControl "2700+45"]

1. d4 Nf6 2. c4 d6 3. Nc3 g6 4. e4 Bg7 5. Be2 O-O 6. f4 e5 7. dxe5 dxe5 8. Qxd8
Rxd8 9. fxe5 Nfd7 10. Nf3 Nxe5 11. Be3 c6 12. O-O Be6 13. Nxe5 Bxe5 14. Rad1 Nd7
15. Bd4 Bxd4+ 16. Rxd4 Ne5 17. Rfd1 Rxd4 18. Rxd4 c5 19. Rd1 Nxc4 20. Bxc4 Bxc4
21. b3 Be6 22. Nd5 Bxd5 23. exd5 Rd8 24. Kf2 Kf8 25. Ke3 Ke7 26. Kf4 f6 27. Re1+
Kd6 28. Re6+ Kxd5 29. Rxf6 Rd7 30. Kg5 b5 31. Rf2 c4 32. Rd2+ Kc6 33. Rc2 Kc5
34. a3 a5 35. a4 bxa4 36. Rxc4+ Kb5 37. Rxa4 Rd3 38. Kh6 Rxb3 39. Kxh7 {White
resigns} 0-1

[Event "Team 45 45 League T62"]
[Site "Internet Chess Club"]
[Date "2014.09.19"]
[Round "4"]
[White "nidusin2"]
[Black "mattp108"]
[Result "0-1"]
[WhiteElo "1628"]
[BlackElo "1687"]
[Opening "Queen's pawn game, Darooha variation "]
[ECO "D02"]
[Time "21:21:29"]
[TimeControl "2700+45"]

1. d4 d5 2. Nf3 Nf6 3. c4 e6 4. e3 c5 5. Bd3 dxc4 6. Bxc4 cxd4 7. exd4 Bb4+ 8.
Bd2 Bxd2+ 9. Qxd2 Nc6 10. O-O O-O 11. Nc3 b6 12. Rac1 Bb7 13. Rfd1 Rc8 14. Qe2
Re8 15. Ne5 Qd6 16. Nb5 Qe7 17. Nxc6 Bxc6 18. Nxa7 Qxa7 19. Rc3 Bd5 20. Bb5 Red8
21. a4 Rxc3 22. bxc3 Qc7 23. c4 Bc6 24. f3 Bxb5 25. axb5 Rc8 26. Rc1 Ne8 27. c5
Qf4 28. Rc4 bxc5 29. dxc5 Qf5 30. Qe3 Qb1+ {White resigns} 0-1

[Event "Team 45 45 League T62"]
[Site "Internet Chess Club"]
[Date "2014.09.23"]
[Round "4"]
[White "pokerram"]
[Black "Insan996"]
[Result "1-0"]
[WhiteElo "1681"]
[BlackElo "1517"]
[Opening "Queen's Indian: Petrosian system"]
[ECO "E12"]
[Time "21:01:44"]
[TimeControl "2700+45"]

1. d4 Nf6 2. c4 e6 3. Nf3 b6 4. a3 Bb7 5. Nc3 d5 6. cxd5 Nxd5 7. e3 Be7 8. Bb5+
c6 9. Bd3 Nxc3 10. bxc3 Nd7 11. Qc2 g6 12. e4 c5 13. Bh6 Qc7 14. Qe2 Nf6 15. Bg7
Rg8 16. Bxf6 Bxf6 17. O-O O-O-O 18. Ba6 g5 19. Bxb7+ Kxb7 20. e5 Be7 21. Qe4+
Kb8 22. Rfd1 g4 23. Ne1 cxd4 24. cxd4 f5 25. exf6 Bxf6 26. Rac1 Qd6 27. Nc2 h5
28. Nb4 Rc8 29. Na6# {Black checkmated} 1-0

[Event "Team 45 45 League T62"]
[Site "Internet Chess Club"]
[Date "2014.09.26"]
[Round "4"]
[White "Ajolote"]
[Black "idjit"]
[Result "0-1"]
[WhiteElo "1570"]
[BlackElo "1564"]
[Opening "Sicilian: O'Kelly variation"]
[ECO "B28"]
[Time "17:00:19"]
[TimeControl "2700+45"]

1. e4 c5 2. Nf3 a6 3. d4 cxd4 4. Nxd4 Nf6 5. Nc3 e5 6. Nf3 Bb4 7. Qd3 d6 8. Be2
Bxc3+ 9. bxc3 Qc7 10. Ba3 Nxe4 11. O-O Qxc3 12. Qxc3 Nxc3 13. Bc4 d5 14. Bb3 e4
15. Nd4 Nc6 16. Nxc6 bxc6 17. Rfe1 f5 18. Bb2 Nb5 19. Bxg7 Rg8 20. Be5 Ke7 21.
c4 Ke6 22. Bf4 Nd4 23. Rad1 Nxb3 24. axb3 Bb7 25. Rd2 a5 26. Ra1 Ra6 27. Rda2
Rga8 28. c5 d4 29. Kf1 Kd5 30. Bd6 R6a7 31. Ke1 Rg8 32. g3 h5 33. b4 a4 34. Kd2
h4 35. Rc1 hxg3 36. hxg3 Rh8 37. Kc2 Rh2 38. Kb1 e3 39. fxe3 Rxa2 40. Kxa2 dxe3
41. Bf4 e2 42. Re1 Ba6 43. Bd6 Ke4 44. Ka3 Kd3 45. Bf4 Bc4 46. Bg5 Rd7 47. Bh4
Kd2 48. g4 fxg4 49. b5 Bxb5 50. Bf2 Rd3+ 51. Ka2 g3 52. Bxg3 Rxg3 53. Rxe2+ Bxe2
54. Kb2 Bc4 55. Kb1 Kc3 56. Ka1 Rg1# {White checkmated} 0-1

[Event "Team 45 45 League T62"]
[Site "Internet Chess Club"]
[Date "2014.09.20"]
[Round "4"]
[White "GregoryViking"]
[Black "Signalman"]
[Result "0-1"]
[WhiteElo "1557"]
[BlackElo "1751"]
[Opening "French: advance, Wade variation"]
[ECO "C02"]
[Time "09:50:10"]
[TimeControl "2700+45"]

1. e4 e6 2. d4 d5 3. e5 c5 4. c3 Qb6 5. Nf3 Bd7 6. Bd3 cxd4 7. cxd4 Bb5 8. O-O
Bxd3 9. Qxd3 Qa6 10. Rd1 Qxd3 11. Rxd3 Ne7 12. Nc3 a6 13. Bd2 Nec6 14. a3 Be7
15. Bg5 O-O 16. Bxe7 Nxe7 17. Na4 Nd7 18. Rc3 Rac8 19. Rac1 Rxc3 20. Rxc3 Nc6
21. Nc5 Nxc5 22. Rxc5 f6 23. Kf1 fxe5 24. dxe5 Rf5 25. Ke2 Nxe5 26. Rc8+ Kf7 27.
Rc7+ Kf6 28. Nxe5 Rxe5+ 29. Kd3 b5 30. Ra7 Re1 31. Rxa6 Rb1 32. b4 Rb2 33. a4
Rb3+ 34. Kc2 Rxb4 35. a5 Rc4+ 36. Kb3 d4 37. Rb6 d3 38. Rxb5 Rd4 39. Rb4 {White
resigns} 0-1

[Event "Team 45 45 League T62"]
[Site "Internet Chess Club"]
[Date "2014.09.20"]
[Round "4"]
[White "rayonline53"]
[Black "krysto"]
[Result "0-1"]
[WhiteElo "1503"]
[BlackElo "1574"]
[Opening "French: Albin-Alekhine-Châtard attack"]
[ECO "C13"]
[Time "11:01:16"]
[TimeControl "2700+45"]

1. e4 e6 2. d4 d5 3. Nc3 Nf6 4. Bg5 Be7 5. e5 Nfd7 6. h4 h6 7. Bxe7 Qxe7 8. Nf3
a6 9. g3 c5 10. Ne2 Nc6 11. c3 b5 12. Bg2 Nb6 13. O-O a5 14. Re1 O-O 15. Nf4 b4
16. cxb4 axb4 17. dxc5 Na4 18. Nd4 Nxd4 19. Qxd4 Qxc5 20. Qxc5 Nxc5 21. Rec1 Na4
22. Nd3 Ba6 23. Nxb4 Nxb2 24. Bf1 Bxf1 25. Kxf1 Nc4 26. f4 Rfb8 27. Nd3 Ra3 28.
Rd1 Ne3+ {White resigns} 0-1

[Event "Team 45 45 League T62"]
[Site "Internet Chess Club"]
[Date "2014.09.20"]
[Round "4"]
[White "mkoga"]
[Black "evan7284"]
[Result "1-0"]
[WhiteElo "1432"]
[BlackElo "1602"]
[Opening "Four knights: double Ruy Lopez"]
[ECO "C49"]
[Time "15:04:46"]
[TimeControl "2700+45"]

1. e4 e5 2. Nf3 Nf6 3. Nc3 Nc6 4. Bb5 Bb4 5. O-O d6 6. h3 Bxc3 7. bxc3 Nxe4 8.
Re1 Nf6 9. d4 e4 10. Bg5 d5 11. Rb1 a6 12. Bxc6+ bxc6 13. Ne5 Qd6 14. Bf4 Qe6
15. f3 O-O 16. c4 Qf5 17. Bc1 exf3 18. Nxf3 Ne4 19. Qd3 f6 20. cxd5 cxd5 21. c4
c6 22. Rb6 Bd7 23. g4 Qg6 24. cxd5 cxd5 25. Nd2 Bb5 26. Qf3 Rfe8 27. a4 Bxa4 28.
Qf5 Qxf5 29. gxf5 Bb5 30. Nxe4 Rxe4 31. Rxe4 dxe4 32. d5 Re8 33. Re6 Kf7 34.
Rxe8 Kxe8 35. d6 Kd7 36. Bf4 g6 37. fxg6 hxg6 38. Kf2 g5 39. Bg3 f5 40. Ke3 f4+
41. Bxf4 gxf4+ 42. Kxe4 Kxd6 43. Kxf4 Be8 44. Ke4 Kc5 45. Kd3 Kb4 46. Kc2 Bg6+
47. Kb2 a5 48. h4 a4 49. Ka2 Bc2 50. h5 Bb3+ 51. Ka1 Bg8 52. h6 a3 53. Kb1 Bc4
54. Ka1 Kb3 55. h7 {Black resigns} 1-0

[Event "Team 45 45 League T62"]
[Site "Internet Chess Club"]
[Date "2014.09.22"]
[Round "4"]
[White "werty"]
[Black "Berke"]
[Result "1-0"]
[WhiteElo "1549"]
[BlackElo "1608"]
[Opening "Queen's pawn: London system"]
[ECO "A45"]
[Time "14:00:26"]
[TimeControl "2700+45"]

1. d4 Nf6 2. Bf4 e6 3. Nf3 d5 4. e3 Nbd7 5. h3 c6 6. Bd3 Ne4 7. Nbd2 Ndf6 8. O-O
Bd6 9. Bxd6 Qxd6 10. c4 O-O 11. c5 Qc7 12. Qc2 h6 13. Nxe4 dxe4 14. Bxe4 Nd5 15.
a3 f5 16. Bxd5 exd5 17. Ne5 Qe7 18. Ng6 Qf6 19. Nxf8 Qxf8 20. f4 Bd7 21. Rf3 Qf6
22. b4 Be8 23. a4 Bh5 24. Rf2 a6 25. Qb2 Re8 26. Re1 Re4 27. b5 Qe7 28. bxa6
bxa6 29. Qc3 Be8 30. Rb2 Kh7 31. Rb6 {Black resigns} 1-0

[Event "Team 45 45 League T62"]
[Site "Internet Chess Club"]
[Date "2014.09.19"]
[Round "4"]
[White "fishhead"]
[Black "justice02"]
[Result "0-1"]
[WhiteElo "1867"]
[BlackElo "1843"]
[Opening "Benko's opening"]
[ECO "A00"]
[Time "20:32:11"]
[TimeControl "2700+45"]

1. g3 Nf6 2. Bg2 d5 3. c4 c6 4. Nc3 d4 5. Ne4 e5 6. d3 Nbd7 7. Nf3 Nxe4 8. dxe4
Be7 9. O-O h5 10. h4 Qb6 11. Bd2 Qxb2 12. Qa4 Qa3 13. Qc2 Qd6 14. a4 Qg6 15. c5
O-O 16. e3 d3 17. Qc4 Nxc5 18. Nxe5 Qe6 19. f4 Qxc4 20. Nxc4 Nb3 21. Rad1 Bg4
22. Bf3 Bxf3 23. Rxf3 Rad8 24. Bc3 Rfe8 25. e5 b5 26. Nb2 b4 27. Be1 d2 28. Bf2
Nc5 29. Kf1 Ne4 30. Ra1 Rd5 31. Nd1 Red8 32. Kg2 Rd3 33. Bg1 Nc3 34. Rf1 Ne2 35.
Kf2 Nc1 36. Kf3 Bc5 37. Ke4 Ne2 38. Bf2 Nc3+ 39. Kf3 Nxd1 40. Rfxd1 Ra3 41. Rab1
Rdd3 42. Rb2 Bxe3 43. Bxe3 Rxe3+ 44. Kf2 Rf3+ 45. Ke2 Rxg3 46. Rxb4 Rg2+ 47. Kf1
Rh2 48. Kg1 Rxh4 49. Rxd2 Ra1+ 50. Kg2 Rg4+ 51. Kf2 Kh7 52. Rd7 h4 53. Rxf7 h3
54. Rf5 Rg2+ 55. Kf3 Ra3+ 56. Ke4 Kg6 57. Rg5+ Rxg5 58. fxg5 h2 59. Rb1 Rxa4+
60. Kf3 Kxg5 61. Rh1 Ra3+ 62. Ke4 Rh3 63. Kd4 Kf5 {White resigns} 0-1

[Event "Team 45 45 League T62"]
[Site "Internet Chess Club"]
[Date "2014.09.22"]
[Round "4"]
[White "Grenadier"]
[Black "Longonjo"]
[Result "0-1"]
[WhiteElo "1574"]
[BlackElo "1618"]
[Opening "Alekhine's defense: Balogh variation"]
[ECO "B03"]
[Time "19:00:22"]
[TimeControl "2700+45"]

1. e4 Nf6 2. e5 Nd5 3. d4 d6 4. Bc4 Nb6 5. Bb3 dxe5 6. Qh5 e6 7. dxe5 a5 8. a4
Nc6 9. Nf3 Nd4 10. Nxd4 Qxd4 11. O-O Be7 12. Rd1 Qh4 13. Qxh4 Bxh4 14. Nc3 Bd7
15. Be3 O-O-O 16. Ne4 Be7 17. Bxb6 cxb6 18. Nd6+ Bxd6 19. Rxd6 Bc6 20. Rad1 Kc7
21. Rxd8 Rxd8 22. Rxd8 Kxd8 23. c3 Ke7 24. Bc2 h6 25. f4 b5 26. axb5 Bxb5 27.
Be4 b6 28. Kf2 Kd7 29. h4 Bc6 30. Ke3 Bxe4 31. Kxe4 Kc6 32. Kd4 b5 33. h5 a4 34.
g4 Kb6 35. g5 Kc6 36. gxh6 gxh6 37. Ke4 Kc5 38. f5 Kc4 39. fxe6 fxe6 40. Ke3 Kb3
41. Kd4 Kxb2 42. Kc5 a3 43. Kd6 a2 44. Kxe6 a1=Q 45. Kf6 Kxc3 46. e6 Qe1 47. Kf7
b4 48. e7 b3 49. e8=Q Qxe8+ 50. Kxe8 b2 51. Kf7 b1=Q 52. Kg7 Qc1 53. Kg6 Kd4 54.
Kg7 Ke4 55. Kg6 Kf3 56. Kh7 Kg4 57. Kg6 Kh4 58. Kh7 Kxh5 {White resigns} 0-1

[Event "Team 45 45 League T62"]
[Site "Internet Chess Club"]
[Date "2014.09.21"]
[Round "4"]
[White "parrot9"]
[Black "GoIrish"]
[Result "1/2-1/2"]
[WhiteElo "1673"]
[BlackElo "1611"]
[Opening "Alekhine's defense: modern, Larsen variation"]
[ECO "B04"]
[Time "13:39:02"]
[TimeControl "2700+45"]

1. e4 Nf6 2. e5 Nd5 3. d4 d6 4. Nf3 dxe5 5. dxe5 Bg4 6. Be2 e6 7. O-O Bc5 8. Bg5
Be7 9. Bxe7 Qxe7 10. Nbd2 O-O 11. h3 Bh5 12. c3 Nc6 13. Nd4 Bxe2 14. Qxe2 Nxd4
15. cxd4 Rad8 16. Rac1 c6 17. Ne4 Qh4 18. Rfd1 Rd7 19. Nc5 Rc7 20. a3 b6 21. Ne4
Qh6 22. b4 Qg6 23. Rd2 Nf4 24. Qf3 Nxh3+ 25. Kf1 Ng5 26. Nxg5 Qxg5 27. Rdc2 c5
28. bxc5 bxc5 29. Rxc5 Rxc5 30. Rxc5 Qe7 31. Qc3 Qe8 32. Rc7 a6 33. Ke2 h6 34.
Qc4 Qb5 35. Qxb5 axb5 36. Rc3 Ra8 37. Kd3 Ra4 38. Rb3 {Game drawn by mutual
agreement} 1/2-1/2

[Event "Team 45 45 League T62"]
[Site "Internet Chess Club"]
[Date "2014.09.19"]
[Round "4"]
[White "BrerRabbit"]
[Black "Invicta-Knight"]
[Result "1/2-1/2"]
[WhiteElo "1474"]
[BlackElo "1496"]
[Opening "King's Indian: East Indian defense"]
[ECO "A48"]
[Time "15:05:14"]
[TimeControl "2700+45"]

1. d4 Nf6 2. Nf3 g6 3. Nbd2 Bg7 4. e4 d6 5. c3 Bg4 6. Bd3 Nbd7 7. O-O c5 8. h3
Bxf3 9. Nxf3 cxd4 10. cxd4 Nh5 11. Bd2 Rc8 12. Rc1 O-O 13. Qb3 Qb6 14. Qxb6 Nxb6
15. b3 Nf6 16. Bg5 Rxc1 17. Rxc1 Rc8 18. Rxc8+ Nxc8 19. Be3 {Game drawn by
mutual agreement} 1/2-1/2

[Event "Team 45 45 League T62"]
[Site "Internet Chess Club"]
[Date "2014.09.20"]
[Round "4"]
[White "barbiq"]
[Black "AngryDad"]
[Result "0-1"]
[WhiteElo "1516"]
[BlackElo "1665"]
[Opening "KP: Nimzovich defense"]
[ECO "B00"]
[Time "13:00:13"]
[TimeControl "2700+45"]

1. e4 Nc6 2. Nf3 d5 3. exd5 Qxd5 4. Nc3 Qa5 5. Bc4 Nf6 6. O-O Bg4 7. h3 Bh5 8.
d3 e6 9. Bd2 Qf5 10. Nh4 Qc5 11. Be3 Qb4 12. Qe1 Be7 13. Nb5 O-O-O 14. Qxb4 Bxb4
15. Nxa7+ Nxa7 16. Bxa7 b6 17. Ba6+ Kd7 18. Bb5+ Ke7 19. Bc6 Be2 20. Rfc1 Bd2
21. Rcb1 Rd4 22. g3 g5 23. c3 Rd6 24. Bf3 gxh4 25. Bxe2 Ra8 26. Rd1 Bh6 27. Bxb6
Rxb6 28. Rdb1 hxg3 29. fxg3 Nd5 30. Bf3 Rab8 31. Re1 Ne3 32. g4 Nc2 {White
resigns} 0-1

[Event "Team 45 45 League T62"]
[Site "Internet Chess Club"]
[Date "2014.09.20"]
[Round "4"]
[White "Chess-Boy"]
[Black "LN09102Q"]
[Result "1-0"]
[WhiteElo "1631"]
[BlackElo "1473"]
[Opening "Ruy Lopez: Anderssen variation"]
[ECO "C77"]
[Time "20:02:17"]
[TimeControl "2700+45"]

1. e4 e5 2. Nf3 Nc6 3. Bb5 a6 4. Ba4 Nf6 5. d3 Bc5 6. O-O b5 7. Bb3 d6 8. c3 O-O
9. Bg5 h6 10. Bh4 Bg4 11. Nbd2 Re8 12. Re1 Be6 13. Bc2 Bg4 14. Nf1 a5 15. h3 Bh5
16. Ne3 g5 17. Bg3 a4 18. Nf5 Kh7 19. d4 Bb6 20. Qd3 Na7 21. dxe5 dxe5 22. Nxe5
Qxd3 23. Bxd3 Red8 24. Kf1 Nd7 25. Be2 Bxe2+ 26. Kxe2 Nxe5 27. Bxe5 Nc6 28. Bf6
Re8 29. f3 Bc5 30. Red1 Ne7 31. Bxe7 Bxe7 32. Rd7 Bd6 33. Rxf7+ Kg6 34. Nxd6
cxd6 35. Rd7 Rad8 36. Rxd8 Rxd8 37. Rd1 Kf6 38. Rd5 Ke6 39. Rxb5 Ra8 40. Kd3 Ra6
41. Rb8 Rb6 42. Rxb6 {Black resigns} 1-0

[Event "Team 45 45 League T62"]
[Site "Internet Chess Club"]
[Date "2014.09.21"]
[Round "4"]
[White "chessnow"]
[Black "CaptK"]
[Result "1-0"]
[WhiteElo "1726"]
[BlackElo "1683"]
[Opening "Sicilian: Anderssen variation"]
[ECO "B41"]
[Time "11:45:13"]
[TimeControl "2700+45"]

1. e4 c5 2. Nf3 e6 3. d4 cxd4 4. Nxd4 Nf6 5. Nc3 Nc6 6. Be2 Bb4 7. Qd3 d5 8.
exd5 exd5 9. O-O O-O 10. Bg5 Be7 11. Bf3 Ne5 12. Qd1 Nxf3+ 13. Nxf3 Be6 14. Qd3
Qd6 15. Rad1 Rfd8 16. Rfe1 h6 17. Bh4 g5 18. Bg3 Qb6 19. Nb5 Rac8 20. Nbd4 Qxb2
21. Nxe6 fxe6 22. Qg6+ {Black resigns} 1-0